 Dungeon Crawl Stone Soup version 0.27.1-1-g398f81649c (webtiles) character file.

Game seed: 15982485746095662123

37 funkygono the Firebug (level 3, -2/19 HPs)
             Began as a Gargoyle Fire Elementalist on Sept 5, 2021.
             Slain by Terence (11 damage)
             ... on level 2 of the Dungeon.
             The game lasted 00:02:44 (1618 turns).

funkygono the Firebug (Gargoyle Fire Elementalist)  Turns: 1618, Time: 00:02:44

Health: -2/19      AC:  7    Str: 11    XL:     3   Next: 41%
Magic:  0/6        EV: 11    Int: 16    God:
Gold:   51         SH:  0    Dex: 10    Spells: 2/6 levels left

rFire    . . .     SeeInvis .   d - +0 whip
rCold    . . .     Faith    .   (no shield)
rNeg     + . .     Spirit   .   a - +0 robe
rPois    ∞         Reflect  .   c - +0 helmet
rElec    +         Harm     .   (no cloak)
rCorr    .         Rampage  .   (no gloves)
Will     .....                  j - +0 pair of boots
Stlth    ++........             (no amulet)
HPRegen  0.06/turn              (no ring)
MPRegen  0.10/turn              (no ring)

@: no status effects
A: sickness immunity, AC +3, negative energy resistance 1, electricity
resistance, torment resistance 1, petrification resistance
a: no special abilities


You were on level 2 of the Dungeon.
You visited 1 branch of the dungeon, and saw 2 of its levels.

You collected 51 gold pieces.

Inventory:

Hand Weapons
 d - a +0 whip (weapon)
Armour
 a - a +0 robe (worn)
 c - a +0 helmet (worn)
 j - a +0 pair of boots (worn)
Scrolls
 b - a scroll of blinking
Potions
 e - a potion of haste {unknown}
 f - 2 potions of berserk rage {unknown}
 g - a potion of invisibility {unknown}


   Skills:
 + Level 1.5 Dodging
 - Level 2.1 Stealth
 * Level 2.4 Spellcasting
 * Level 1.9 Conjurations
 * Level 3.7 Fire Magic


You had 2 spell levels left.
You knew the following spells:

 Your Spells              Type           Power      Damage    Failure   Level
a - Foxfire               Conj/Fire      44%        2x1d6     6%          1
b - Conjure Flame         Conj/Fire      11%        6-21      19%         3

Your spell library contained the following spells:

 Spells                   Type           Power      Damage    Failure   Level
 Inner Flame              Hex/Fire       7%         N/A       28%         3
 Sticky Flame             Conj/Fire      11%        2d3       52%         4
 Fireball                 Conj/Fire      5%         3d5       86%         5


Dungeon Overview and Level Annotations

Branches:
Dungeon (2/15)

Altars:

Annotations:
D:2 Terence


Innate Abilities, Weirdness & Mutations

You are immune to sickness and miasma.
Your stone body is resilient. (AC +3)
You are immune to poison.
You resist negative energy. (rN+)
You are resistant to electric shocks. (rElec)
You are resistant to unholy torment.
You are immune to petrification.


Message History

Terence hits you with a +0 flail.
Casting: Foxfire (safe; 6% risk of failure)
Confirm with . or Enter, or press ? or * to list all spells.
You conjure some foxfire!
Terence hits you with a +0 flail.
Unknown command.
The foxfire hits Terence.
Terence is almost dead.
The foxfire hits Terence but does no damage.
Terence is almost dead.
Terence misses you.
Casting: Foxfire (safe; 6% risk of failure)
Confirm with . or Enter, or press ? or * to list all spells.
You don't have enough magic to cast this spell.
Terence hits you with a +0 flail.
Casting: Foxfire (safe; 6% risk of failure)
Confirm with . or Enter, or press ? or * to list all spells.
You miscast Foxfire.
You are very lightly contaminated with residual magic.
Nothing appears to happen.
Terence closely misses you.
Casting: Foxfire (safe; 6% risk of failure)
Confirm with . or Enter, or press ? or * to list all spells.
You don't have enough magic to cast this spell.
Unknown command.
Terence screams, "I'm going to kill you!"
Your magical contamination has completely faded away.
Terence says, "How do you enjoy it?"
Casting: Foxfire (safe; 6% risk of failure)
Confirm with . or Enter, or press ? or * to list all spells.
You conjure some foxfire!
Terence hits you but does no damage.
The foxfire hits Terence.
Terence is almost dead.
The foxfire hits Terence but does no damage.
Terence is almost dead.
Terence says, "How do you enjoy it?"
You see here a +0 dagger.
Casting: Foxfire (safe; 6% risk of failure)
Confirm with . or Enter, or press ? or * to list all spells.
You conjure some foxfire!
Terence hits you with a +0 flail!
Ouch! That really hurt!
You die...

#.#.....#.#.#.#.#
#.#.###.#.#.#.#.#
############.#...#.#.#.#.#.#
#............###.#.#.#.#.#.#.
#.##############.#.#.#.#.#.#.
#####.#..............#.#.#.#.#...
..............................>##
#####.#.#####..v†@.....#.#.#.#...
#.#.# #..v@#.###.#§#.#.##.# #.#.#
#....#.#####.#<#...<. #.#.#
#............######## #.#.#
#...##............... #.#.#
#...##..############# #.#.#
######..# .... ..#.# # #..# ####
..# #. #..###### ..# #..
#†.......


You could see Terence (ally target).

Vanquished Creatures
  A worm (D:2)
  A dart slug (D:1)
  3 ball pythons (D:1)
  An endoplasm (D:1)
  3 giant cockroaches
  4 goblins (D:1)
  5 hobgoblins
  3 bats (D:1)
  2 frilled lizards
  4 kobolds
  2 rats (D:1)
29 creatures vanquished.

Vanquished Creatures (others)
  93 foxfires
93 creatures vanquished.

Grand Total: 122 creatures vanquished

Notes
Turn   | Place    | Note
-------+----------+-------------------------------------------
     0 | D:1      | funkygono the Gargoyle Fire Elementalist began the quest
                  | for the Orb.
     0 | D:1      | Reached XP level 1. HP: 10/10 MP: 3/3
   172 | D:1      | Reached XP level 2. HP: 15/15 MP: 0/5
   742 | D:1      | Reached XP level 3. HP: 14/19 MP: 3/6
   822 | D:1      | Learned a level 3 spell: Conjure Flame
  1566 | D:2      | Noticed Terence
  1618 | D:2      | Slain by Terence

Illustrated notes

Levels and vault maps discovered:
D:1:      dpeg_arrival_three_smaller_balls, layout_basic
D:2:      layout_basic, basic_altar, shapermc_ecumenical_altar_flowoftime,
          uniq_jessica, uniq_terence

Action                   || total
-------------------------++-------
Melee: Whip              ||     3
 Cast: Foxfire           ||    58
  Use: Scroll            ||     5
Armor: Robe              ||     8
Dodge: Dodged            ||    16
